 Dungeon Crawl Stone Soup version 0.32-a0-5-gbffa963729 (webtiles) character file.

Game seed: 17686368379660422594

142 Flugslaktarn the Trooper (level 5, -1/48 HPs)
             Began as a Minotaur Fighter on Jan 13, 2024.
             Killed by nerve-wracking pain
             ... invoked by Grinder
              (13 damage)
             ... while paralysed by Grinder
             ... on level 3 of the Dungeon.
             The game lasted 00:01:01 (1779 turns).

Flugslaktarn the Trooper (Minotaur Fighter)         Turns: 1779, Time: 00:01:02

Health: -1/48      AC:  7    Str: 29    XL:     5   Next: 3%
Magic:  4/4        EV:  2    Int:  5    God:
Gold:   123        SH:  0    Dex:  9    Spells: 4/4 levels left

rFire   . . .        a - +0 war axe
rCold   . . .        c - +0 buckler
rNeg    . . .        b - +0 scale mail
rPois   .            (helmet restricted)
rElec   .            (no cloak)
rCorr   .            (no gloves)
SInv    .            (no boots)
Will    .....        (no amulet) Stlth
                     k - +6 ring of strength
HPRegen 0.28/turn    (no ring)
MPRegen 0.09/turn

%: no passive effects
@: paralysed
A: horns 2, retaliatory headbutt
a: no special abilities


You were on level 3 of the Dungeon.
You visited 1 branch of the dungeon, and saw 3 of its levels.

You collected 123 gold pieces.

Inventory:

Hand Weapons
 a - a +0 war axe (weapon)
Armour
 b - a +0 scale mail (worn)
 c - a +0 buckler (worn)
Jewellery
 k - a +6 ring of strength (left hand)
   (You found it on level 2 of the Dungeon)
 s - a ring of positive energy
   (You found it on level 3 of the Dungeon)
 v - a +5 ring of evasion
   (You found it on level 3 of the Dungeon)
Scrolls
 g - a scroll of noise {unknown}
 h - a scroll of enchant weapon {unknown}
 j - 2 scrolls of teleportation {unknown}
 l - 3 scrolls of identify {unknown}
 o - a scroll of poison {unknown}
 p - a scroll of enchant armour {unknown}
 q - 2 scrolls of vulnerability {unknown}
Potions
 d - a potion of might
 e - a potion of degeneration {unknown}
 f - 3 potions of heal wounds {unknown}
 i - a potion of berserk rage {unknown}
 m - 2 potions of curing {unknown}
 n - 2 potions of mutation {unknown}
 r - a potion of ambrosia {unknown}


   Skills:
 * Level 5.0 Fighting
 * Level 4.2 Axes
 + Level 4.4 Armour
 + Level 4.2 Shields


You had 4 spell levels left.
You didn't know any spells.
Your spell library contained the following spells:

 Spells                   Type           Power      Damage    Failure   Level
 Freeze                   Ice            0%         1d3       77%         1
 Frozen Ramparts          Ice            0%         1d1       98%         3
 Hailstorm                Conj/Ice       0%         3d5       98%         3
 Summon Ice Beast         Ice/Summ       0%         N/A       98%         3
 Sculpt Simulacrum        Ice/Alch       0%         N/A       100%        6


Dungeon Overview and Level Annotations

Branches:
Dungeon (3/15)

Altars:
The Shining One

Shops:
D:1 [:![

Annotations:
D:3 Grinder


Innate Abilities, Weirdness & Mutations

You have a pair of horns on your head.
You reflexively headbutt those who attack you in melee.


Message History

You struggle against the net.
The ball python hisses angrily.
You rip the net and break free!
The ball python bites you but does no damage.
The ball python grabs you. The ball python constricts you.
You hit the ball python.
The ball python is heavily wounded.
The ball python bites you but does no damage.
The ball python constricts you.
You barely miss the ball python. You headbutt the ball python.
You kill the ball python!
You block the gnoll's attack.
You barely miss the gnoll. You headbutt the gnoll.
The gnoll is lightly wounded.
The gnoll hits you with a +0 club. The gnoll closely misses you.
You slash the gnoll!
The gnoll is almost dead.
The gnoll hits you with a +0 club.
You barely miss the gnoll.
The gnoll is almost dead.
The gnoll hits you but does no damage.
You hit the gnoll but do no damage.
The gnoll is almost dead.
The gnoll hits you with a +0 club. x2
You completely miss the gnoll. You headbutt the gnoll.
You kill the gnoll!
Things that are here:
a +0 club; a gnoll corpse No target in view!
You see here a ball python corpse.
A gnoll comes into view. It is wielding a +0 club.
The gnoll shouts!
A gnoll is nearby!
A gnoll is nearby!
A gnoll comes into view. It is wielding a +0 whip.
The gnoll hits you but does no damage.
You slash the gnoll!
You kill the gnoll!
You see here a +0 club.
A gnoll is nearby!
You hit the gnoll. You headbutt the gnoll.
The gnoll is severely wounded.
The gnoll hits you but does no damage. The gnoll barely misses you.
A gnoll is nearby!
You hit the gnoll.
You kill the gnoll!
Your Fighting skill increases to level 5!
You have reached level 5!
Things that are here:
a +0 whip; a gnoll corpse A goblin comes into view.
It is wielding a +0 dagger.
A goblin is nearby!
A goblin is nearby!
The goblin barely misses you. You furiously retaliate!
You headbutt the goblin!
You kill the goblin!
No target in view!
No target in view!
No target in view!
No target in view!
Found a ring mail.
No target in view!
You see here a +0 ring mail.
v - a +5 ring of evasion
q - 2 scrolls labelled SEVEGAC WOLYOV (gained 1)
s - a ring of positive energy No target in view!
No target in view!
No target in view!
No target in view!
You now have 123 gold pieces (gained 14).
Grinder comes into view.
She is carrying a wand of flame.
Grinder shouts!
Grinder is nearby!
Grinder is nearby!
You barely miss Grinder. Grinder hits you but does no damage.
You closely miss Grinder. Grinder hits you but does no damage.
Grinder gestures at you.
You barely resist. You closely miss Grinder. Your headbutt misses Grinder.
Grinder hits you!
You slash Grinder!
Grinder is moderately wounded.
Grinder zaps a wand.
The puff of flame hits you!
You slash Grinder!
Grinder is heavily wounded.
Grinder zaps a wand.
The puff of flame hits you.
Grinder grins, showing sharp teeth.
Grinder hits you.
You writhe in agony.
You are too injured to fight recklessly!
You closely miss Grinder. You headbutt Grinder, but do no damage.
Grinder is heavily wounded.
Grinder gestures at you.
You suddenly lose the ability to move!
Grinder gestures at you.
You shrug off the repeated paralysis!
Grinder hits you.
You writhe in agony.
* * * LOW HITPOINT WARNING * * *
Grinder gestures at you. Pain shoots through your body!
You die...
Grinder says, "Hey, I wasn't done torturing you yet!"

####### ......#
......#
).....############
###............5.#
##..###### #@#
#..# #.# ####..#
#.# ......# #.#
#....## #.####
....## #....#
#.#.# ####.# #.#.#
#.# #.#.# #.#


You could see Grinder.

Vanquished Creatures
  Ijyb (D:3)
  3 gnolls (D:3)
  An adder (D:2)
  2 ribbon worms (D:2)
  3 dart slugs
  4 endoplasms
  5 giant cockroaches
  7 goblins
  5 hobgoblins
  2 jackals (D:2)
  5 quokkas
  5 ball pythons
  6 bats
  6 frilled lizards
  8 kobolds
  3 rats
66 creatures vanquished.

Notes
Turn   | Place    | Note
-------+----------+-------------------------------------------
     0 | D:1      | Flugslaktarn the Minotaur Fighter began the quest for the
                  | Orb.
     0 | D:1      | Reached XP level 1. HP: 19/19 MP: 0/0
    39 | D:1      | Found Fecwe's Armour Shoppe.
    64 | D:1      | Reached XP level 2. HP: 27/27 MP: 1/1
   147 | D:1      | Reached skill level 4 in Fighting
   302 | D:1      | Found Xubb's Distillery.
   383 | D:1      | Found Wighy's Vocational Training.
   459 | D:1      | Found Irchilek's Antique Armour Boutique.
   728 | D:2      | Reached XP level 3. HP: 33/33 MP: 2/2
   752 | D:2      | You fall into a shaft and drop 1 floor!
   798 | D:3      | Noticed Ijyb
   807 | D:3      | Killed Ijyb
   920 | D:2      | Reached XP level 4. HP: 40/41 MP: 3/3
  1494 | D:3      | Found a glowing golden altar of the Shining One.
  1636 | D:3      | Reached skill level 5 in Fighting
  1636 | D:3      | Reached XP level 5. HP: 48/48 MP: 4/4
  1770 | D:3      | Noticed Grinder
  1776 | D:3      | Paralysed by Grinder for 5 turns
  1779 | D:3      | Killed from afar by Grinder

Illustrated notes

Levels and vault maps discovered:
D:1:      scummos_arrival_forest, layout_loops_ring, serial_shops,
          nicolae_lakefront_shop, shop, nicolae_shop_tiny_glass, minivault_23,
          nicolae_shop_vocational
D:2:      minmay_diamond_boxcup, layout_rooms, minmay_misc_feat_doors,
          columned_hall_lemuel
D:3:      layout_loops_ring, nicolae_overflow_crystal_walls, uniq_ijyb,
          uniq_grinder

Skill      XL: |  1  2  3  4 |
---------------+-------------+-----
Fighting       | 4 5 |  5.0
Axes           | 3 4 |  4.2
Armour         | 4 |  4.4
Shields        | 4 |  4.2

Action                     |  1- 3 |  4- 6 || total
---------------------------+-------+-------++-------
  Melee: War axe           |    74 |    48 ||   122
         Headbutt          |    13 |     7 ||    20
 Armour: Scale mail        |    49 |    47 ||    96
  Dodge: Dodged            |    29 |    21 ||    50
  Block: Buckler           |    17 |     8 ||    25

Table legend: (Time is in decaauts)
 A = Elapsed time spent in this place.
 B = Non-inter-level travel time spent in this place.
 C = Inter-level travel time spent in this place.
 D = Time resting spent in this place.
 E = Time spent auto-exploring this place.
 F = Levels seen in this place.
 G = Mean time per level.
                   A        B        C        D        E       F      G
               +--------+--------+--------+--------+--------+-----+--------+
         Total |   1820 |   1783 |     37 |     35 |   1386 |   3 |  606.7 |
       Dungeon |   1820 |   1783 |     37 |     35 |   1386 |   3 |  606.7 |
               +--------+--------+--------+--------+--------+-----+--------+

Top non-repeatable levels by time:
     D:1: 735 daAuts
     D:2: 605 daAuts
     D:3: 480 daAuts
